 Dungeon Crawl Stone Soup version 0.19-a0-1896-g611e798 (webtiles) character file.

16 Kaname the Sneak (level 2, -4/21 HPs)
             Began as a High Elf Wanderer on Oct 19, 2016.
             Slain by a gnoll
             ... wielding a +0 spear
              (6 damage)
             ... on level 1 of the Dungeon.
             The game lasted 00:02:23 (479 turns).

Kaname the Sneak (High Elf Wanderer)                 Turns: 479, Time: 00:02:24

Health: -4/21      AC:  2    Str: 10    XL:     2   Next: 37%
Magic:  8/15       EV: 11    Int: 15    God:
Gold:   58         SH:  0    Dex: 15    Spells: 1 memorised, 3 levels left

rFire  . . .     SeeInvis .     b - +0 falchion
rCold  . . .     Gourm    .     d - +0 robe
rNeg   . . .     Faith    .     (no shield)
rPois  .         Spirit   .     (no helmet)
rElec  .         Reflect  .     (no cloak)
rCorr  .         Harm     .     (no gloves)
MR     .....                    (no boots)
Stlth  ++........               (no amulet)
                                (no ring)
                                j - ring of magical power

@: no status effects
A: no striking features
a: no special abilities


You were on level 1 of the Dungeon.
You were not hungry.

You visited 1 branch of the dungeon, and saw 1 of its levels.

You collected 58 gold pieces.

Inventory:

Hand Weapons
 b - a +0 falchion (weapon)
 e - a +0 dagger
Armour
 d - a +0 robe (worn)
Jewellery
 j - a ring of magical power (left hand)
Scrolls
 g - a scroll of remove curse {unknown}
 h - a scroll of teleportation {unknown}
 i - a scroll of random uselessness {unknown}
Potions
 c - 2 potions of curing
Books
 a - a book of Minor Magic

   Spells                             Type                      Level
   a - Magic Dart                     Conjuration                  1
   b - Blink                          Translocation                2
   c - Call Imp                       Summoning                    2
   d - Repel Missiles                 Charms/Air                   2
   e - Slow                           Hexes                        2
   f - Conjure Flame                  Conjuration/Fire             3
   g - Mephitic Cloud                 Conjuration/Poison/Air       3
Comestibles
 f - a bread ration


   Skills:
 - Level 3.0 Fighting
 + Level 2.1 Short Blades
 + Level 3.1 Stealth
   Level 1.0 Shields
 - Level 2.4 Spellcasting
   Level 1.0 Poison Magic


You had 3 spell levels left.
You knew the following spells:

 Your Spells              Type           Power        Failure   Level  Hunger
a - Blink                 Tloc           N/A          34%         2    ###....


Dungeon Overview and Level Annotations

Branches:
Dungeon (1/15)

Altars:


Message History

The gnoll hits you but does no damage.
You closely miss the gnoll. The gnoll hits you with a spear.
You hit the gnoll but do no damage. The gnoll barely misses you.
You hit the gnoll.
The gnoll is heavily wounded.
The gnoll hits you with a spear!
* * * LOW HITPOINT WARNING * * *
You are too injured to fight recklessly!
You are too injured to fight recklessly!
You are too injured to fight recklessly!
You hit the gnoll but do no damage.
The gnoll is heavily wounded.
The gnoll hits you with a spear.
* * * LOW HITPOINT WARNING * * *
The gnoll hits you with a spear.
* * * LOW HITPOINT WARNING * * *
You barely miss the gnoll.
The gnoll is moderately wounded.
The gnoll hits you with a spear.
You die...

........................
...>.................###
....g......##...##.###
)..#####.#.###..##.# . .##
#.#.###.>##.## ..#
#...##...÷...## #.#
#........÷....###
#.####g...............
#.##.@..............#.
#.........(.........#.
######..#.................
#....#.....###############
#......##...♣♣♣♣♣♣♣♣♣♣♣♣♣♣
#.....###..........<......
#.....###...♣♣♣♣♣♣♣♣♣♣♣♣♣♣
#......##..###############
####...###.....##.........


You could see a gnoll.

Vanquished Creatures
  A dart slug (D:1)
  A giant cockroach (D:1)
  3 goblins (D:1)
  3 hobgoblins (D:1)
  A ball python (D:1)
  3 bats (D:1)
  A rat (D:1)
13 creatures vanquished.

Notes
Turn   | Place    | Note
-------+----------+-------------------------------------------
     0 | D:1      | Kaname the High Elf Wanderer began the quest for the Orb.
     0 | D:1      | Kaname set off with: a book of Minor Magic, a +0 falchion, a potion of curing, a +0 robe, a +0 dagger, a bread ration
     0 | D:1      | Reached XP level 1. HP: 16/16 MP: 4/4
    83 | D:1      | Reached XP level 2. HP: 18/21 MP: 6/6
    97 | D:1      | Learned a level 2 spell: Blink
   479 | D:1      | Slain by a gnoll

Vault maps used:
D:1:      eino_arrival_tree_alley

Skill      XL: |  1  2 |
---------------+-------+-----
Short Blades   | 2 |  2.1
Stealth        | 3 |  3.1
Fighting       | |  3.0
Shields        | |  1.0
Spellcasting   | |  2.4
Poison Magic   | |  1.0

Action                   || total
-------------------------++-------
Melee: Falchion          ||    47
 Stab: Sleeping          ||     1
Armor: Robe              ||    29
Dodge: Dodged            ||    42
       Rpst.: Falchion   ||    11
